 Dungeon Crawl Stone Soup version 0.29-a0-270-g1586fc07ea (webtiles) character file.

Game seed: 14157340059451036527

174654 mathmaestro the Grappler (level 17, -3/227 HPs)
             Began as a Troll Monk on Mar 7, 2022.
             Was the Champion of Jiyva.
             Slain by a wolf spider (14 damage)
             ... summoned by a broodmother
             ... on level 4 of the Spider Nest.
             The game lasted 01:32:09 (27294 turns).

mathmaestro the Grappler (Troll Monk)              Turns: 27294, Time: 01:32:10

Health: -3/227     AC: 30    Str: 37      XL:     17   Next: 20%
Magic:  16/16      EV:  4    Int:  3 (4)  God:    Jiyva [******]
Gold:   1858       SH:  0    Dex: 15 (16) Spells: 16/16 levels left

rFire   + + +      SeeInvis +     - Unarmed
rCold   + . .      Faith    .   U - +0 kite shield {AC+3}
rNeg    + + .      Spirit   .   h - +3 gold dragon scales
rPois   +          Reflect  .   f - +2 hat
rElec   +          Harm     .   Q - scarf {rC+ rF+}
rCorr   +          Rampage  .   (gloves unavailable)
Will    +....                   (boots unavailable)
Stlth   ..........              S - amulet of Ruihe {Acrobat rElec rPois Str+8 Int-2}
HPRegen 2.87/turn               i - ring "Qainir" {Fire rN++ Slay+5}
MPRegen 0.65/turn               N - ring of see invisible

@: confused, held
A: large, unfitting armour, claws 3, regeneration 1, shaggy fur 1, tough skin 1,
iridescent scales 1, thin skeletal structure 1, agile 1, poison resistance,
robust 3, acidic bite, tendrils, engulf, noise suppression
}: 1/15 runes: slimy
a: Renounce Religion, Oozemancy, Slimify


You were on level 4 of the Spider Nest.
You worshipped Jiyva.
Jiyva was exalted by your worship.
You visited 6 branches of the dungeon, and saw 33 of its levels.
You also visited: Gauntlet and Volcano.

You collected 3687 gold pieces.
You spent 1829 gold pieces at shops.

Inventory:

Hand Weapons
 K - a +7 long sword of flaming
Missiles
 e - 46 large rocks
 g - 4 boomerangs of dispersal
 m - 8 javelins
 L - 6 boomerangs (quivered)
Armour
 f - a +2 hat (worn)
 h - +3 gold dragon scales (worn)
 Q - a scarf of resistance (worn)
 U - a +0 kite shield of protection (worn)
Jewellery
 i - the ring "Qainir" (left claw) {Fire rN++ Slay+5}
   (You found it on level 1 of the Spider Nest)

   [ring of fire]

   It enhances your fire magic.
   Slay:      It affects your accuracy & damage with ranged weapons and melee
   (+5).
   rF:        It protects you from fire.
   rC:        It makes you vulnerable to cold.
   rN:        It greatly protects you from negative energy.
 o - a +4 ring of protection
 J - a ring of willpower
 N - a ring of see invisible (right claw)
 O - an amulet of reflection
 S - the amulet of Ruihe (around neck) {Acrobat rElec rPois Str+8 Int-2}
   (You found it on level 5 of the Pits of Slime)

   [amulet of the acrobat]

   It increases your evasion while moving and waiting.
   Str:       It affects your strength (+8).
   Int:       It affects your intelligence (-2).
   rElec:     It insulates you from electricity.
   rPois:     It protects you from poison.
Wands
 y - a wand of iceblast (9)
 A - a wand of digging (4)
 B - a wand of paralysis (11)
 G - a wand of acid (22)
 P - a wand of mindburst (3)
 R - a wand of flame (32)
Scrolls
 a - 3 scrolls of holy word
 k - 8 scrolls of teleportation
 p - 3 scrolls of blinking
 q - a scroll of summoning
 s - 6 scrolls of fog
 C - a scroll of magic mapping
 E - 2 scrolls of fear
 F - 6 scrolls of identify
Potions
 b - 3 potions of ambrosia
 c - 6 potions of magic
 d - 4 potions of curing
 j - a potion of cancellation
 l - 3 potions of lignification
 u - 2 potions of heal wounds
 w - 6 potions of flight
 x - 6 potions of haste
 z - 4 potions of mutation
 D - 2 potions of might
 H - 3 potions of berserk rage
 I - a potion of invisibility
 M - a potion of resistance
Miscellaneous
 r - a lightning rod (4/4)
 v - a phial of floods


   Skills:
 + Level 12.6 Fighting
 - Level 10.0 Throwing
 + Level 11.1 Armour
 - Level 10.0 Dodging
 - Level 1.0 Stealth
 + Level 6.1 Shields
 + Level 14.7 Unarmed Combat
 - Level 10.0 Evocations


You had 16 spell levels left.
You didn't know any spells.
Your spell library contained the following spells:

 Spells                   Type           Power      Damage    Failure   Level
 Sting                    Tmut/Pois      0%         1d3       100%        1
 Corpse Rot               Necr/Air       0%         N/A       100%        2
 Ensorcelled Hibernation  Hex/Ice        0%         N/A       100%        2
 Poisonous Vapours        Pois/Air       0%         N/A       100%        2
 Spider Form              Tmut/Pois      0%         N/A       100%        3
 Anguish                  Hex/Necr       0%         N/A       100%        4
 Dispel Undead            Necr           0%         3d6       100%        4
 Olgreb's Toxic Radiance  Pois           0%         N/A       100%        4
 Fireball                 Conj/Fire      0%         3d3       100%        5
 Death Channel            Necr           0%         N/A       100%        6
 Starburst                Conj/Fire      0%         6d3       100%        6
 Ignition                 Fire           0%         3d3       100%        8


Dungeon Overview and Level Annotations

Branches:
Dungeon (15/15)            Temple (1/1) D:7            Lair (6/6) D:9
  Swamp (0/4) Lair:2       Spider (4/4) Lair:2        Slime (5/5) Lair:5
    Orc (2/2) D:10            Elf (0/3) Orc:2        Vaults (0/5) D:13
 Depths (0/4) D:15        Volcano (visited)         Gauntlet (visited)

Altars:
Ashenzari
Cheibriados
Dithmenos
Elyvilon
Fedhas
Gozag
Hepliaklqana
Kikubaaqudgha
Makhleb
Nemelex Xobeh
Okawaru
Qazlal
Ru
Sif Muna
Trog
Uskayaw
Vehumet
Wu Jian
Xom
Yredelemnul
Zin
The Shining One
Beogh
Jiyva

Shops:
D:3 !   D:6 *   D:8 *   D:14 [   Orc:2 =*[(

Annotations:
D:3 2 transporters, AlmostDecent's ghost, amateur DjCj
D:14 1 runed translucent door, Osanutie's ghost, journeyman MiBe
Slime:5 Royal Jelly


Innate Abilities, Weirdness & Mutations

You are too large for most types of armour.
You have claws for hands.
Your natural rate of healing is unusually fast.
You are covered in fur. (AC +1)
You have tough skin. (AC +1)
You are partially covered in iridescent scales. (AC +2)
You have a somewhat thin skeletal structure. (Dex +2, Stealth+)
You are agile. (Dex +2)
Your system is resistant to poisons. (rPois)
You are extremely robust. (+30% HP)
You have acidic saliva.
You are covered in slimy tendrils that may disarm your opponents.
Your melee attacks may engulf your foes in ooze.
You passively dampen the noise of your surroundings.


Message History

The wolf spider bites you!
* * * LOW HITPOINT WARNING * * *
The redback bites you but does no damage.
The wolf spider barely misses you.
The wolf spider bites you but does no damage.
The tarantella touches you.
* * * LOW HITPOINT WARNING * * *
You are confused.
The wolf spider splashes around in the water.
The wolf spider bites you but does no damage.
The broodmother bites you!
* * * LOW HITPOINT WARNING * * *
A spider bursts forth from the wound!
The wolf spider hits you but does no damage.
The wolf spider bites you but does no damage.
Okay, then.
Okay, then.
You feel much better.
The jumping spider pounces on you but does no damage.
The jumping spider bites you but does no damage.
The redback bites you but does no damage.
The tarantella barely misses you. The wolf spider hits you.
* * * LOW HITPOINT WARNING * * *
The wolf spider completely misses you. The wolf spider hits you.
* * * LOW HITPOINT WARNING * * *
The wolf spider splashes around in the water.
The broodmother bites you but does no damage.
The wolf spider hits you but does no damage.
The wolf spider bites you but does no damage.
The jumping spider pounces on you!
* * * LOW HITPOINT WARNING * * *
The jumping spider bites you but does no damage.
The jumping spider leaps!
The redback bites you but does no damage.
The tarantella touches you but does no damage.
The wolf spider hits you.
* * * LOW HITPOINT WARNING * * *
The wolf spider bites you but does no damage.
The wolf spider hits you!
You die...

≈.....# ##. #^....# ....
.....##. . ... ##......
.. .. #^....##
...###.###°.....# .
....^#s#ss......###.###.
......ss@s.†.....(#.#...#
.......sss#†#...........#
.......s###.###.....^...#
........##...##≈.........
..^#...##.....##.........
.. ##^..^†...††........^.
#^.##.....##........^
#... ##.^.##...†.=##..
.... ##.###^......^..


You could see a broodmother, 4 wolf spiders, a jumping spider (summoned), 2
tarantellas and 2 redbacks.

Vanquished Creatures
  4 emperor scorpions
  7 ghost moths
  An orc warlord (Orc:1)
  2 spark wasps (Spider:3)
  A minotaur (Gauntlet)
  5 entropy weavers
  A red draconian (Volcano)
  An ettin (D:15)
  Snorg (D:10)
  A fire dragon (D:14)
  16 boulder beetles
  4 vault guards (D:13)
  2 ghost crabs (Spider:1)
  6 hydras
  A catoblepas (Lair:6)
  2 jorogumos (Spider:3)
  A rakshasa (D:15)
  5 centaur warriors
  A radroach (Spider:1)
  8 two-headed ogres
  A tengu warrior (D:13)
  3 orc high priests
  A hell knight (D:15)
  A deep elf knight (D:13)
  9 skeletal warriors
  Lodul (D:14)
  A sun moth (Spider:4)
  3 pharaoh ants
  5 steelbarb worms
  2 sea snakes
  8 orb spiders
  7 orc knights
  A harpy (Lair:6)
  3 deep elf pyromancers
  3 wizards
  A deep elf zephyrmancer (D:15)
  23 wolf spiders
  4 manticores
  6 orc sorcerers
  12 ugly things
  2 salamanders (Volcano)
  Joseph (D:7)
  11 cyclopes
  8 elephants
  9 torpor snails
  3 moths of wrath
  5 black mambas
  6 cane toads
  4 molten gargoyles (Volcano)
  A smoke demon (D:13)
  An unseen horror (D:10)
  7 demonic crawlers
  Maggie (D:6)
  A cane toad (shapeshifter) (D:13)
  4 yaktaurs (D:15)
  2 gargoyles (Volcano)
  5 rime drakes
  12 komodo dragons
  An efreet (Volcano)
  2 tengu conjurers
  5 meliai
  8 trolls
  A wind drake (Lair:6)
  2 tyrant leeches (Spider:1)
  A hornet (Lair:6)
  12 tarantellas
  4 polar bears
  7 blink frogs
  5 dream sheep (Lair:6)
  3 snapping turtles (Lair:6)
  Sigmund (D:6)
  6 wyverns
  11 flying skulls (Gauntlet)
  A vampire (D:11)
  2 shadows
  25 jumping spiders
  A centaur simulacrum (D:15)
  A spriggan (Lair:6)
  A wraith (D:11)
  8 culicivoras
  The ghost of n8rtot the Scratcher, an amateur FeBe of Trog (D:7)
  A fire bat (shapeshifter) (D:15)
  53 yaks
  2 humans (D:13)
  4 basilisks
  4 steam dragons
  47 redbacks
  17 vampire mosquitoes
  Menkaure (D:4)
  5 wargs
  An acid dragon (D:9)
  2 hell hounds (Lair:6)
  Duvessa (D:6)
  14 water moccasins
  29 orc warriors
  5 ice beasts
  4 black bears
  12 ogres
  9 wolves (Lair:5)
  8 centaurs
  3 kobold brigands
  11 bullfrogs
  A gnoll sergeant (D:9)
  6 scorpions
  6 wights
  Dowan (D:6)
  12 killer bees (D:9)
  8 electric eels
  6 howler monkeys
  A hound (D:6)
  2 jellies
  12 orc priests
  Crazy Yiuf (D:3)
  2 gnoll shamans
  4 iguanas
  Natasha (twice) (D:3)
  21 orc wizards
  7 hell rats (Lair:5)
  A mummy (D:5)
  5 adders
  11 gnolls
  A white imp (D:7)
  4 worms
  4 dart slugs
  54 orcs
  13 ball pythons
  7 bats
  6 endoplasms
  2 giant cockroaches (D:1)
  8 goblins
  3 hobgoblins
  2 jackals (D:3)
  2 quokkas (D:2)
  2 hobgoblin zombies (D:5)
  14 kobolds
  A kobold zombie (D:5)
  An orc zombie (D:5)
  5 rats
  A spectral goblin (D:3)
829 creatures vanquished.

Vanquished Creatures (collateral kills)
  A hydra (Lair:1)
  A jumping spider (Spider:3)
  A bullfrog (Lair:1)
3 creatures vanquished.

Vanquished Creatures (others)
  An azure jelly (Spider:4)
  A wizard (D:15)
  2 ugly things (D:14)
  4 slime creatures
  A manticore (Lair:6)
  3 tyrant leeches (Spider:1)
  A redback (Spider:2)
  A water moccasin (Lair:6)
  An orc warrior (Orc:1)
  71 jellies
  2 orc wizards
  A gnoll (D:6)
  4 orcs
  48 fungi
  134 plants
  3 toadstools (D:8)
  22 withered plants (Gauntlet)
300 creatures vanquished.

Grand Total: 1132 creatures vanquished

Notes
Turn   | Place    | Note
-------+----------+-------------------------------------------
     0 | D:1      | mathmaestro the Troll Monk began the quest for the Orb.
     0 | D:1      | Reached XP level 1. HP: 22/22 MP: 0/0
   198 | D:1      | Reached XP level 2. HP: 29/29 MP: 1/1
   983 | D:2      | Reached XP level 3. HP: 36/36 MP: 2/2
  1678 | D:3      | Found a faded altar of an unknown god.
  1772 | D:3      | Reached skill level 1 in Throwing
  1796 | D:3      | Found a transporter.
  1840 | D:3      | Noticed Natasha
  1850 | D:3      | Killed Natasha
  1851 | D:3      | Reached XP level 4. HP: 45/45 MP: 3/3
  1884 | D:3      | Found a transporter.
  1885 | D:3      | Noticed AlmostDecent's ghost (amateur DjCj)
  1886 | D:3      | Identified the +10 great mace of True Grit {freeze, Dex+8}
  1886 | D:3      | Noticed an ogre
  1960 | D:3      | Found Motukoax's Distillery.
  1970 | D:3      | Bought a potion of lignification for 33 gold pieces
  1970 | D:3      | Bought a potion of curing for 33 gold pieces
  1970 | D:3      | Bought a potion of heal wounds for 55 gold pieces
  1990 | D:3      | Found a runed translucent door.
  1991 | D:3      | Noticed Crazy Yiuf
  2001 | D:3      | Killed Crazy Yiuf
  2206 | D:4      | Noticed Menkaure
  2210 | D:4      | Killed Menkaure
  2211 | D:4      | Reached skill level 4 in Unarmed Combat
  2211 | D:4      | Reached XP level 5. HP: 54/54 MP: 4/4
  2235 | D:4      | Reached XP level 6. HP: 59/62 MP: 5/5
  2264 | D:4      | Noticed an ice beast
  2275 | D:4      | Killed an ice beast
  2318 | D:4      | Found an opulent altar of Gozag.
  3339 | D:3      | Bought a potion of mutation for 88 gold pieces
  3344 | D:3      | Noticed Natasha
  3352 | D:3      | Killed Natasha
  3398 | D:5      | Entered Level 5 of the Dungeon
  3403 | D:5      | Reached skill level 5 in Unarmed Combat
  3447 | D:5      | Noticed a water moccasin
  3607 | D:5      | Reached XP level 7. HP: 51/71 MP: 6/6
  3945 | D:5      | You fall into a shaft and drop 2 floors!
  4014 | D:7      | Found a staircase to the Ecumenical Temple.
  4021 | Temple   | Entered the Ecumenical Temple
  4442 | D:7      | Noticed Joseph
  4457 | D:7      | Killed Joseph
  4458 | D:7      | Reached skill level 5 in Fighting
  4458 | D:7      | Reached skill level 6 in Unarmed Combat
  4458 | D:7      | Reached XP level 8. HP: 35/81 MP: 7/7
  4699 | D:6      | Reached skill level 5 in Throwing
  5106 | D:6      | Noticed Maggie
  5117 | D:6      | Killed Maggie
  5118 | D:6      | Reached skill level 7 in Unarmed Combat
  5118 | D:6      | Reached skill level 1 in Evocations
  5206 | D:6      | Found Qacsit's Lightly-Used Armoury.
  5213 | D:6      | Reached XP level 9. HP: 89/89 MP: 8/8
  5265 | D:6      | Noticed Sigmund
  5299 | D:6      | Killed Sigmund
  5300 | D:6      | Reached skill level 1 in Armour
  5354 | D:6      | Noticed Dowan
  5355 | D:6      | Noticed Duvessa
  5376 | D:6      | Killed Duvessa
  5389 | D:6      | Killed Dowan
  6072 | D:7      | Found a snail-covered altar of Cheibriados.
  6130 | D:7      | Found a runed translucent door.
  6131 | D:7      | Noticed a four-headed hydra
  6277 | D:7      | Killed a four-headed hydra
  6278 | D:7      | Reached skill level 8 in Unarmed Combat
  6684 | D:7      | Noticed n8rtot's ghost (amateur FeBe)
  7044 | D:7      | Killed n8rtot's ghost
  7055 | D:7      | Gained mutation: You are dopey. (Int -2) [potion of
                  | mutation]
  7055 | D:7      | Gained mutation: Your flesh is cold resistant. (rC+)
                  | [potion of mutation]
  7126 | D:8      | Found Icen's CLEARANCE SALE!.
  7134 | D:8      | Bought a potion of curing for 12 gold pieces
  7165 | D:8      | Noticed a meliai
  7181 | D:8      | Noticed a two-headed ogre
  7195 | D:8      | Killed a two-headed ogre
  7196 | D:8      | Reached XP level 10. HP: 81/100 MP: 9/9
  7960 | D:9      | Reached skill level 5 in Dodging
  8028 | D:9      | Identified the +3 dagger "Killer Bee's Bane" {flame, rCorr
                  | MP+9 Dex+4}
  8089 | D:9      | Reached skill level 9 in Unarmed Combat
  8171 | D:9      | Identified the +2 pair of gloves of Surprise {Will+}
  8586 | D:9      | Found a staircase to the Lair.
  8586 | D:9      | Noticed an elephant
  8633 | D:9      | Killed an elephant
  8701 | D:9      | Reached XP level 11. HP: 110/110 MP: 10/10
  9381 | Lair:1   | Entered Level 1 of the Lair of Beasts
  9387 | Lair:1   | Identified a scroll of acquirement
  9387 | Lair:1   | Acquired 795 gold pieces
  9498 | D:6      | Bought -1 gold dragon scales for 825 gold pieces
  9626 | Lair:1   | Noticed a six-headed hydra
  9636 | Lair:1   | Killed a four-headed hydra
  9647 | Lair:1   | Reached skill level 5 in Armour
 10056 | Lair:1   | Reached skill level 5 in Evocations
 11164 | Lair:2   | Reached skill level 10 in Unarmed Combat
 11255 | Lair:2   | You fall into a shaft and drop 2 floors!
 11271 | Lair:3   | Noticed a four-headed hydra
 11417 | Lair:2   | Killed a one-headed hydra
 11487 | Lair:3   | Noticed a boulder beetle
 11528 | Lair:3   | HP: 3/113 [boulder beetle (11)]
 11534 | Lair:3   | Killed a boulder beetle
 11588 | Lair:3   | Reached XP level 12. HP: 72/122 MP: 11/11
 11634 | Lair:3   | Found a gate leading to a gauntlet.
 11643 | Gauntlet | Entered a Gauntlet
 11643 | Gauntlet | Found a transporter.
 11643 | Gauntlet | Found a transporter.
 11643 | Gauntlet | Found a transporter.
 11655 | Gauntlet | Found a transporter.
 11658 | Gauntlet | Found a transporter.
 11669 | Gauntlet | Found a transporter.
 11669 | Gauntlet | Found a transporter.
 11685 | Gauntlet | Found a transporter.
 11693 | Gauntlet | Found a transporter.
 11710 | Gauntlet | Found a transporter.
 11718 | Gauntlet | Found a transporter.
 11736 | Gauntlet | Found a transporter.
 11775 | Gauntlet | Found the +2 cloak of the Thief {*Fog Slay-2 SInv Stlth+}
 11805 | Gauntlet | Noticed an eight-headed hydra
 12038 | Gauntlet | Killed a one-headed hydra
 12191 | Gauntlet | Identified the +0 chain mail "Karch" {Will+ Stlth+}
 12191 | Gauntlet | Noticed a minotaur
 12223 | Gauntlet | Killed a minotaur
 12252 | Gauntlet | Identified the +1 chain mail of the Saviour {rElec Int+4}
 12442 | Lair:2   | Found a staircase to the Swamp.
 12503 | Lair:2   | Found a hole to the Spider Nest.
 12871 | Lair:3   | Lost mutation: Your flesh is cold resistant. (rC+) [potion
                  | of mutation]
 12871 | Lair:3   | Lost mutation: You are dopey. (Int -2) [potion of mutation]
 12871 | Lair:3   | Gained mutation: You passively dampen the noise of your
                  | surroundings. [potion of mutation]
 12871 | Lair:3   | Gained mutation: Your flesh is heat resistant. (rF+)
                  | [potion of mutation]
 14122 | Lair:5   | Noticed an eight-headed hydra
 14160 | Lair:5   | Killed a two-headed hydra
 14312 | Lair:5   | Found a viscous altar of Jiyva.
 14314 | Lair:5   | Found a staircase to the Slime Pits.
 14322 | Lair:5   | Became a worshipper of Jiyva Joicwet the Shapeless
 14322 | Lair:5   | Reached * piety under Jiyva
 14322 | Lair:5   | Reached ** piety under Jiyva
 14564 | Lair:5   | Reached skill level 11 in Unarmed Combat
 14692 | Lair:5   | Reached XP level 13. HP: 120/123 MP: 12/12
 14699 | Lair:5   | Found the +8 whip "Snakebite" {venom, curare, rPois}
 15111 | Lair:6   | Entered Level 6 of the Lair of Beasts
 15168 | Lair:6   | Found a dark tunnel.
 15192 | Volcano  | Entered a volcano
 15218 | Volcano  | Reached *** piety under Jiyva
 15294 | Volcano  | Noticed a red draconian
 15330 | Volcano  | Killed a red draconian
 15350 | Volcano  | Noticed an orb of fire
 15350 | Volcano  | Noticed an orb of fire
 16097 | Lair:6   | Reached skill level 10 in Fighting
 16267 | Lair:6   | Lost mutation: Your flesh is heat resistant. (rF+) [Jiyva's
                  | grace]
 16267 | Lair:6   | Gained mutation: You have a pair of small horns on your
                  | head. [Jiyva's grace]
 16267 | Lair:6   | Gained mutation: You have a pair of horns on your head.
                  | [Jiyva's grace]
 16267 | Lair:6   | Gained mutation: You have a pair of large horns on your
                  | head. [Jiyva's grace]
 16267 | Lair:6   | Gained mutation: You have a small jelly attached to you
                  | that may absorb projectiles. [Jiyva's grace]
 16352 | Lair:6   | Reached XP level 14. HP: 131/143 MP: 13/13
 16379 | Lair:6   | Reached **** piety under Jiyva
 16740 | D:10     | Entered Level 10 of the Dungeon
 16744 | D:10     | Found a staircase to the Orcish Mines.
 16880 | D:10     | Found a white marble altar of Elyvilon.
 16965 | D:10     | Noticed Snorg
 16980 | D:10     | Killed Snorg
 17413 | Orc:1    | Entered Level 1 of the Orcish Mines
 17457 | D:10     | Reached skill level 12 in Unarmed Combat
 17623 | Orc:2    | Entered Level 2 of the Orcish Mines
 17623 | Orc:2    | Found a staircase to the Elven Halls.
 17623 | Orc:2    | Reached ***** piety under Jiyva
 17632 | Orc:2    | Noticed an orc warlord
 17707 | Orc:1    | Noticed an acid blob
 17707 | Orc:1    | an orc knight changed into an acid blob
 17707 | Orc:1    | HP: 7/143 [acid (2)]
 17891 | Orc:1    | Killed an orc warlord
 18276 | Orc:1    | Paralysed by an orc sorcerer for 2 turns
 18376 | Orc:2    | Found a burning altar of Makhleb.
 18444 | Orc:2    | Found Jengyvoen's Antique Weapon Shoppe.
 18529 | Orc:2    | Found Ifritioc's Antique Armour Shoppe.
 18547 | Orc:2    | Found Fymaffik's Jewellery Shoppe.
 18555 | Orc:2    | Bought a ring of see invisible for 165 gold pieces
 18555 | Orc:2    | Bought an amulet of reflection for 330 gold pieces
 18568 | Orc:2    | Found Zoad's General Store.
 18576 | Orc:2    | Bought a scroll of identify for 32 gold pieces
 18576 | Orc:2    | Bought a wand of acid (4) for 256 gold pieces
 18826 | Orc:2    | Lost mutation: You have a pair of large horns on your head.
                  | [Jiyva's grace]
 18826 | Orc:2    | Lost mutation: You have a small jelly attached to you that
                  | may absorb projectiles. [Jiyva's grace]
 18826 | Orc:2    | Gained mutation: You are covered in slimy tendrils that may
                  | disarm your opponents. [Jiyva's grace]
 18826 | Orc:2    | Gained mutation: You are partially covered in iridescent
                  | scales. (AC +2) [Jiyva's grace]
 18826 | Orc:2    | Gained mutation: You are mostly covered in iridescent
                  | scales. (AC +4) [Jiyva's grace]
 18826 | Orc:2    | Gained mutation: You are completely covered in iridescent
                  | scales. (AC +6) [Jiyva's grace]
 19071 | Orc:1    | Paralysed by an orc sorcerer for 4 turns
 20446 | D:12     | Lost mutation: You have a pair of horns on your head.
                  | [Jiyva's grace]
 20446 | D:12     | Lost mutation: You are completely covered in iridescent
                  | scales. (AC +6) [Jiyva's grace]
 20446 | D:12     | Gained mutation: You have acidic saliva. [Jiyva's grace]
 20446 | D:12     | Gained mutation: Your melee attacks may engulf your foes in
                  | ooze. [Jiyva's grace]
 20446 | D:12     | Gained mutation: You have a pair of horns on your head.
                  | [Jiyva's grace]
 20446 | D:12     | Gained mutation: You have a pair of large horns on your
                  | head. [Jiyva's grace]
 20505 | D:12     | Reached ****** piety under Jiyva
 20756 | Slime:1  | Entered Level 1 of the Pits of Slime
 20771 | Slime:1  | Noticed a rockslime
 20779 | Slime:3  | Noticed an acid blob
 20786 | Slime:4  | Noticed a quicksilver ooze
 20786 | Slime:4  | Noticed an azure jelly
 20786 | Slime:4  | Noticed a rockslime
 20787 | Slime:4  | Noticed a rockslime
 20796 | Slime:5  | Entered Level 5 of the Pits of Slime
 20809 | Slime:5  | Found a viscous altar of Jiyva.
 20810 | Slime:5  | Noticed an acid blob
 20810 | Slime:5  | Noticed a rockslime
 20810 | Slime:5  | Noticed an acid blob
 20811 | Slime:5  | Noticed an acid blob
 20811 | Slime:5  | Noticed an acid blob
 20811 | Slime:5  | Noticed the Royal Jelly
 20812 | Slime:5  | Noticed an azure jelly
 20814 | Slime:5  | Identified the amulet of Ruihe {Acrobat rElec rPois Str+8
                  | Int-2}
 20814 | Slime:5  | Noticed an acid blob
 20815 | Slime:5  | Noticed an acid blob
 20817 | Slime:5  | Got a slimy rune of Zot
 20818 | Slime:5  | Noticed an acid blob
 20821 | Slime:5  | Identified the amulet of a Thousand Realms {Spirit rCorr
                  | Dex+3 Slay+2}
 20823 | Slime:5  | Identified the +6 hunting sling of Oviodim {venom, Drain
                  | rF++ Will+++ rCorr Dex-5}
 20825 | Slime:5  | Noticed an acid blob
 21125 | Slime:2  | Noticed an azure jelly
 21344 | D:13     | Reached XP level 15. HP: 152/152 MP: 14/14
 21644 | D:13     | Found a burning altar of Makhleb.
 21866 | D:13     | Reached skill level 10 in Throwing
 22006 | D:13     | Found a gate to the Vaults.
 22142 | D:14     | Noticed Lodul
 22167 | D:13     | Reached skill level 13 in Unarmed Combat
 22179 | D:13     | Reached skill level 1 in Shields
 22191 | D:14     | Killed Lodul
 22211 | D:14     | Found Xarudog's Antique Armour Boutique.
 22425 | D:14     | Found a runed translucent door.
 22425 | D:14     | Noticed Osanutie's ghost (journeyman MiBe)
 22802 | D:15     | Entered Level 15 of the Dungeon
 22978 | D:15     | Lost mutation: You have a pair of large horns on your head.
                  | [potion of mutation]
 22978 | D:15     | Lost mutation: You have a pair of horns on your head.
                  | [potion of mutation]
 22978 | D:15     | Gained mutation: Your flesh is cold resistant. (rC+)
                  | [potion of mutation]
 23062 | D:15     | Noticed Rupert
 23116 | D:14     | Slimified Rupert
 23116 | D:14     | Noticed Rupert
 23116 | D:14     | Rupert changed into Rupert the acid blob
 23225 | D:15     | Lost mutation: Your flesh is cold resistant. (rC+) [Jiyva's
                  | grace]
 23225 | D:15     | Gained mutation: You have a somewhat thin skeletal
                  | structure. (Dex +2, Stealth+) [Jiyva's grace]
 23225 | D:15     | Gained mutation: You have a moderately thin skeletal
                  | structure. (Dex +4, Stealth++) [Jiyva's grace]
 23225 | D:15     | Gained mutation: You have an unnaturally thin skeletal
                  | structure. (Dex +6, Stealth+++) [Jiyva's grace]
 23225 | D:15     | Gained mutation: You are robust. (+10% HP) [Jiyva's grace]
 23497 | D:15     | Found a staircase to the Depths.
 23790 | Spider:1 | Entered Level 1 of the Spider Nest
 23918 | Spider:1 | Noticed an emperor scorpion
 23932 | Spider:1 | Killed an emperor scorpion
 23962 | Spider:1 | Reached XP level 16. HP: 179/179 MP: 15/15
 24071 | Spider:1 | Identified the ring "Qainir" {Fire rN++ Slay+5}
 24252 | Spider:1 | Reached skill level 10 in Dodging
 24259 | Spider:1 | Reached skill level 10 in Armour
 24534 | Spider:2 | Noticed Frances
 24540 | Spider:2 | Slimified Frances
 24540 | Spider:2 | Noticed Frances
 24540 | Spider:2 | Frances changed into Frances the slime creature
 24749 | Spider:2 | Killed Frances the slime creature
 24845 | Spider:2 | Lost mutation: You have a pair of small horns on your head.
                  | [Jiyva's grace]
 24845 | Spider:2 | Lost mutation: You are mostly covered in iridescent scales.
                  | (AC +4) [Jiyva's grace]
 24845 | Spider:2 | Lost mutation: You have an unnaturally thin skeletal
                  | structure. (Dex +6, Stealth+++) [Jiyva's grace]
 24845 | Spider:2 | Lost mutation: You have a moderately thin skeletal
                  | structure. (Dex +4, Stealth++) [Jiyva's grace]
 24845 | Spider:2 | Gained mutation: You are very robust. (+20% HP) [Jiyva's
                  | grace]
 24845 | Spider:2 | Gained mutation: You are extremely robust. (+30% HP)
                  | [Jiyva's grace]
 24845 | Spider:2 | Gained mutation: Your system is resistant to poisons.
                  | (rPois) [Jiyva's grace]
 24845 | Spider:2 | Gained mutation: You are agile. (Dex +2) [Jiyva's grace]
 25858 | Spider:3 | Reached skill level 14 in Unarmed Combat
 26217 | Spider:3 | Identified the +9 mace "Bufeuce" {flame, Int+9}
 26272 | Spider:3 | Reached skill level 5 in Shields
 26521 | Spider:3 | Reached skill level 10 in Evocations
 26786 | Spider:4 | Entered Level 4 of the Spider Nest
 27010 | Spider:4 | Reached XP level 17. HP: 227/227 MP: 1/16
 27294 | Spider:4 | HP: 11/227 [wolf spider[a broodmother] (5)]
 27294 | Spider:4 | Slain by a wolf spider

Illustrated notes

Levels and vault maps discovered:
D:1:      dpeg_arrival_long_road, layout_basic, serial_corexii_hall,
          corexii_hall_statues_l, chequers_hall_statues_wall_a,
          dreamdust_princess_corridor
D:2:      layout_basic
D:3:      layout_rooms, dreamdust_ecumenical_altar_drowned_temple, serial_shops,
          shop, gammafunk_ghost_smash, uniq_crazy_yiuf_cottage, uniq_natasha
D:4:      layout_layer_cave, mainiacjoe_overflow_boulevard, uniq_menkaure
D:5:      layout_basic, minmay_mini_ossuary
D:6:      layout_basic, minmay_shop_damaged, uniq_duvessa, uniq_maggie,
          uniq_sigmund
D:7:      layout_basic, kennysheep_slug_shrine, minmay_temple_entry_ruins,
          ebering_ghost_reflecting_pool, roderic_nine_men_s_morris, uniq_joseph
D:8:      layout_rooms, kennysheep_minor_cross, minmay_gold_behind_fungi,
          minmay_holes, minmay_crystal_water, nicolae_shop_clearance
D:9:      layout_basic, david_lair_generic, serial_bayou, serial_bayou_shore_b,
          serial_bayou_shore_a, serial_bayou_lake_a, serial_bayou_crossing,
          serial_bayou_ford_a, minmay_increasing_density
D:10:     layout_irregular_city, mainiacjoe_overflow_24_doors, uniq_snorg
D:11:     layout_rooms, kennysheep_generic_room_14
D:12:     layout_cave_pools, grunt_ministairs_2
D:13:     layout_basic, grunt_vaults_entry_fortified, demons_altar
D:14:     layout_cave_pools, serial_shops, shop, ebering_ghost_inner_flame,
          uniq_lodul
D:15:     hangedman_depths_entry_civil_slaughter, layout_long_grid,
          roderic_lattice_a, uniq_rupert
Temple:   mainiacjoe_temple_bowtie_tessellation
Lair:1:   layout_small_grid, nicolae_quartered_pool_impasse
Lair:2:   layout_hall_layers, swamp_mist, nicolae_spider_entry_non_spiders,
          lemuel_fruit_tree
Lair:3:   layout_cave_pods, gauntlet_entry_generic, dreamdust_mushroom_princess
Lair:4:   layout_regular_city
Lair:5:   minmay_guarded_unrand_snakebite, layout_regular_city, slime_altar_1
Lair:6:   gammafunk_lair_ancient_temple, layout_regular_city, enter_volcano_3,
          grunt_forest_large_clearing_hut, infiniplex_staircase_pool_2
Spider:1: layout_spider_delve, nicolae_spider_swamp_cousins
Spider:2: layout_chambers, drop_trap, hangedman_spider_mandibles, uniq_frances
Spider:3: layout_spider_delve, drop_trap, hangedman_stitches_earthworm
Spider:4: hellmonk_spider_rune_endless_swarm, nicolae_spider_undead_wolf_pack
Slime:1:  layout_caves, nicolae_slime_phagocytosis
Slime:2:  layout_caves, nicolae_slime_barrier, nicolae_slime_welcoming_committee
Slime:3:  layout_caves, cheibrodos_slime_lost_civilization_7
Slime:4:  layout_caves
Slime:5
Orc:1:    layout_caves
Orc:2:    grunt_orc_cross, layout_caves, basic_altar

Skill      XL: |  1  2  3  4  5  6  7  8  9 10 11 12 13 14 15 16 17 |
---------------+----------------------------------------------------+-----
Throwing       | 1 2 3 4 5 6 7 8 9 10 | 10.0
Fighting       | 3 4 5 6 7 8 9 10 11 12 | 12.6
Dodging        | 3 4 5 6 7 8 9 10 | 10.0
Unarmed Combat | 4 5 6 7 8 9 10 11 12 13 14 | 14.7
Evocations     | 1 3 4 5 6 7 8 9 10 | 10.0
Armour         | 3 4 5 7 8 9 10 11 | 11.1
Shields        | 3 5 6 |  6.1
Stealth        | |  1.0

Action                   |  1- 3 |  4- 6 |  7- 9 | 10-12 | 13-15 | 16-18 || total
-------------------------+-------+-------+-------+-------+-------+-------++-------
Melee: Unarmed           |   108 |    79 |   224 |   785 |  1268 |   572 ||  3036
       Punch             |       |       |     3 |    53 |    84 |       ||   140
       Long sword        |       |       |       |    27 |    10 |       ||    37
       Headbutt          |       |       |       |       |   233 |    34 ||   267
       Bite              |       |       |       |       |    47 |    78 ||   125
Throw: Dart              |       |     4 |    19 |     1 |       |       ||    24
       Javelin           |       |       |       |       |     3 |       ||     3
       Boomerang         |       |       |       |       |    55 |     7 ||    62
       Large rock        |       |       |       |       |     5 |       ||     5
       Throwing net      |       |       |       |       |     3 |       ||     3
Invok: Slimify           |       |       |       |       |     3 |     2 ||     5
       Oozemancy         |       |       |       |       |       |     1 ||     1
Evoke: Wand              |       |       |       |       |     8 |       ||     8
  Use: Scroll            |       |     5 |     3 |    23 |     9 |     1 ||    41
       Potion            |       |     1 |     2 |     3 |     1 |     7 ||    14
 Stab: Sleeping          |     1 |     2 |       |       |       |       ||     3
       Distracted        |       |     1 |       |       |       |       ||     1
       Invisible         |       |       |       |     6 |       |       ||     6
       Paralysed         |       |       |       |       |     6 |       ||     6
Armor: Robe              |    40 |    31 |    14 |       |       |       ||    85
       Acid dragon scale |       |       |    83 |   153 |       |       ||   236
       Skin              |       |       |     9 |       |       |       ||     9
       Gold dragon scale |       |       |       |   581 |  1206 |   632 ||  2419
Dodge: Dodged            |    62 |    37 |    85 |   288 |   406 |   315 ||  1193
Block: Other             |       |       |       |       |    76 |       ||    76
       Reflection        |       |       |       |       |    10 |       ||    10
       Kite shield       |       |       |       |       |   117 |   299 ||   416

Table legend: (Time is in decaauts)
 A = Elapsed time spent in this place.
 B = Non-inter-level travel time spent in this place.
 C = Inter-level travel time spent in this place.
 D = Time resting spent in this place.
 E = Time spent auto-exploring this place.
 F = Levels seen in this place.
 G = Mean time per level.
                   A        B        C        D        E       F      G
               +--------+--------+--------+--------+--------+-----+--------+
         Total |  27046 |  25298 |   1748 |   1867 |  16258 |  35 |  772.7 |
       Dungeon |  13742 |  12776 |    966 |    561 |   9111 |  15 |  916.1 |
        Temple |    223 |    203 |     20 |      0 |    190 |   1 |  223.0 |
          Lair |   6224 |   5731 |    493 |    403 |   3731 |   6 | 1037.3 |
   Spider Nest |   3428 |   3388 |     40 |    315 |   1879 |   4 |  857.0 |
    Slime Pits |    391 |    327 |     64 |      0 |    253 |   5 |   78.2 |
  Orcish Mines |   2047 |   1883 |    164 |    434 |    760 |   2 | 1023.5 |
       Volcano |    326 |    326 |      0 |      0 |    133 |   1 |  326.0 |
      Gauntlet |    662 |    662 |      0 |    154 |    200 |   1 |  662.0 |
               +--------+--------+--------+--------+--------+-----+--------+

Top non-repeatable levels by time:
     D:9: 1914 daAuts
     D:7: 1623 daAuts
Spider:2: 1384 daAuts
     D:4: 1314 daAuts
  Lair:1: 1179 daAuts
  Lair:6: 1151 daAuts
  Lair:5: 1119 daAuts
     D:6: 1070 daAuts
   Orc:1: 1070 daAuts
Spider:3: 977 daAuts
   Orc:2: 977 daAuts
  Lair:3: 966 daAuts
  Lair:2: 946 daAuts
     D:1: 935 daAuts
  Lair:4: 861 daAuts
